Map: Dusk Towers

Players

Miszu

  • Race: Terran Terran
  • League: Grandmaster

Botvinnik - Winner!

  • Race: Terran Terran
  • League: Grandmaster

VOD

Have the link to the VOD?

Description

Time

  • Played on: Feb. 14, 2016, 10:01 a.m.
  • Length: 5:43
Show
View Real Time Build Order
Export as new Build Order

Miszu Terran 

Build Orders:  

Get SALT Encoding   

  12  0:01  SCV  
  13  0:13  SCV  
  14  0:18  Supply Depot  
  14  0:25  SCV  
  15  0:31  Refinery  
  15  0:39  SCV  
  16  0:44  Barracks  
  16  0:52  SCV  
  17  1:03  Barracks  
  17  1:05  SCV  
  18  1:19  SCV  
  18  1:22  Barracks  
  19  1:34  Reaper  
  20  1:40  Refinery, SCV  
  20  1:44  Supply Depot  
  21  1:50  Reaper  
  22  1:58  SCV  
  23  2:06  Reaper  
  24  2:09  Reaper  
  24  2:15  Orbital Command  
  25  2:22  Reaper  
  26  2:29  Supply Depot  
  26  2:38  Reaper  
  26  2:42  Reaper  
  26  2:43  SCV  
  29  2:54  Reaper  
  29  2:56  SCV  
  31  3:10  Reaper  
  30  3:26  Reaper x2  
  31  3:27  SCV  
  31  3:29  Command Center  
  29  3:50  Barracks Tech Lab, SCV  
  30  4:00  Factory  
  30  4:01  Barracks Reactor, Barracks Tech Lab  
  30  4:02  SCV  
  31  4:14  SCV  
  28  4:33  Marine x2  
  28  4:37  SCV  
  30  4:40  Orbital Command  
  30  4:45  Marine  
  31  4:46  Starport, Marine  
  31  4:49  SCV  
  31  4:51  Marine x2  
  31  4:52  Factory Reactor  
  35  5:01  SCV  
  35  5:02  Marine  
  35  5:04  Marine  
  35  5:06  SCV  
  39  5:09  Marine x2  
  39  5:13  SCV  
  42  5:14  Engineering Bay  
  42  5:18  SCV  
  42  5:20  Marine  
  44  5:22  Marine  
  44  5:25  SCV  
  47  5:30  SCV  
Show
View Real Time Build Order
Export as new Build Order

Botvinnik Terran - Winner!

Build Orders: Liberator Opening, Reaper Expand 

Get SALT Encoding   

  12  0:00  SCV  
  13  0:13  SCV  
  14  0:17  Supply Depot  
  14  0:25  SCV  
  15  0:39  SCV  
  15  0:40  Barracks  
  16  0:44  Refinery  
  16  0:51  SCV  
  17  1:04  SCV  
  18  1:17  SCV  
  19  1:29  Reaper  
  19  1:30  Orbital Command  
  20  1:46  Command Center  
  20  1:57  Supply Depot, SCV  
  21  2:07  Marine  
  22  2:09  Factory  
  22  2:10  SCV  
  23  2:21  Bunker  
  23  2:23  SCV  
  23  2:25  Marine  
  25  2:35  SCV  
  26  2:42  Supply Depot  
  26  2:43  Marine  
  27  2:47  SCV  
  28  2:53  Starport  
  28  2:54  Hellion  
  30  2:59  SCV  
  30  3:00  Marine  
  32  3:05  Orbital Command  
  32  3:09  Refinery  
  32  3:21  Marine  
  33  3:40  Liberator  
  30  3:49  Marine  
  30  3:50  Hellion  
  30  3:52  SCV  
  30  3:53  SCV  
  37  4:07  Marine  
  37  4:08  SCV  
  37  4:09  SCV  
  40  4:15  Hellion  
  41  4:17  Command Center  
  39  4:25  Marine, Liberator  
  40  4:35  SCV  
  40  4:38  Factory Tech Lab  
  41  4:43  SCV  
  41  4:45  Barracks Reactor, Engineering Bay, Refinery x2  
  45  4:47  SCV  
  45  4:51  Barracks  
  45  4:52  Barracks  
  46  4:55  Supply Depot, SCV  
  46  4:58  Siege Tank  
  51  5:00  SCV  
  52  5:07  SCV  
  52  5:12  SCV  
  53  5:19  SCV  
  54  5:25  SCV  
  55  5:31  SCV  
  56  5:42  Barracks Tech Lab  
  57  5:43  Barracks Tech Lab  
Tags
 
Add a new tag
Caveats
  • Supply blocks, unpowered buildings, or Contaminate may cause inaccurate times.
  • Supply counts are checked every 10 seconds.